Map: Ulrena

Players

brenatoro - Winner!

  • Race: Terran Terran
  • League: Silver

Mindele

  • Race: Terran Terran
  • League: Bronze

VOD

Have the link to the VOD?

Description

Time

  • Played on: May 14, 2016, 8:10 p.m.
  • Length: 6:27
Show
View Real Time Build Order
Export as new Build Order

brenatoro Terran - Winner!

Build Orders: Banshee Rush 

Get SALT Encoding   

  12  0:00  SCV  
  13  0:14  SCV  
  14  0:19  Supply Depot  
  14  0:26  SCV  
  15  0:40  SCV  
  15  0:42  Barracks  
  16  0:48  Refinery  
  16  0:53  SCV  
  17  1:04  Refinery  
  17  1:05  SCV  
  18  1:17  SCV  
  19  1:31  Orbital Command  
  19  1:34  Marine  
  20  1:46  Factory  
  20  1:53  Marine  
  21  1:56  Supply Depot  
  21  2:02  SCV  
  22  2:11  Marine  
  23  2:17  SCV  
  24  2:22  Supply Depot  
  24  2:29  Marine, SCV  
  26  2:32  Starport  
  26  2:33  Factory Tech Lab  
  26  2:41  SCV  
  27  2:53  SCV  
  28  2:59  Marine  
  29  3:17  Cloaking Field, Banshee  
  32  3:29  Marine, Bunker  
  32  3:33  Widow Mine  
  35  3:47  Barracks, Marine  
  36  3:49  Barracks  
  36  3:55  SCV  
  37  4:00  Supply Depot  
  37  4:05  Marine  
  38  4:21  Widow Mine, Banshee  
  38  4:22  Marine  
  44  4:36  Barracks Tech Lab  
  44  4:37  Barracks Reactor  
  44  4:40  Marine  
  44  4:45  SCV  
  46  4:50  Widow Mine  
  48  4:57  SCV  
  49  5:01  Marine x2  
  48  5:19  Marine  
  49  5:22  Marine x2  
  49  5:23  Marauder  
  53  5:34  Starport Reactor  
  53  5:37  Marine  
  53  5:40  Marine  
  55  5:48  Supply Depot  
  55  5:49  Supply Depot  
  55  5:59  Marine  
Show
View Real Time Build Order
Export as new Build Order

Mindele Terran 

Build Orders:  

Get SALT Encoding   

  12  0:01  SCV  
  13  0:13  SCV  
  14  0:18  Supply Depot  
  14  0:25  SCV  
  15  0:39  SCV  
  16  0:42  Barracks  
  16  0:52  SCV  
  17  1:01  Barracks  
  17  1:04  Refinery  
  17  1:05  SCV  
  18  1:17  SCV  
  19  1:30  Orbital Command  
  19  1:36  Supply Depot  
  19  1:41  Marine  
  20  1:49  Marine  
  21  1:56  Barracks  
  21  1:57  SCV  
  21  2:01  Refinery  
  22  2:02  Marine  
  23  2:09  SCV  
  24  2:18  Supply Depot  
  24  2:19  Marine  
  24  2:22  SCV  
  26  2:25  Marine  
  27  2:34  SCV  
  28  2:38  Barracks  
  28  2:42  Marine  
  29  2:44  Marine  
  29  2:46  SCV  
  29  2:50  Marine  
  32  2:56  Supply Depot  
  32  2:58  SCV  
  33  3:06  Marine  
  33  3:08  Marine  
  33  3:10  SCV  
  33  3:11  Marine  
  37  3:19  Supply Depot  
  37  3:22  SCV  
  38  3:29  Barracks  
  38  3:30  Reaper  
  38  3:31  Reaper  
  40  3:35  Marine  
  40  3:37  SCV  
  42  3:41  Marine  
  43  3:50  SCV  
  44  3:56  Supply Depot  
  44  3:58  Marine  
  44  4:02  Marine, SCV  
  47  4:14  SCV  
  48  4:29  Marine x4  
  48  4:30  Marine  
  53  4:31  SCV  
  54  4:43  SCV  
  54  4:47  Marine x2  
  52  4:53  Marine x2  
  50  5:03  Marine  
  50  5:05  Marine, SCV  
  49  5:13  Marine  
  49  5:14  Marine  
  49  5:17  Marine, SCV  
  49  5:38  Marine x4  
  51  5:59  Marine  
  51  6:00  Marine x3  
Tags
 
Matchup
TvT
Race
Terran
Strategy
Banshee Rush
Add a new tag
Caveats
  • Supply blocks, unpowered buildings, or Contaminate may cause inaccurate times.
  • Supply counts are checked every 10 seconds.